 Dungeon Crawl Stone Soup version 0.31-a0-596-g831eee08f1 (webtiles) character file.

Game seed: 16928352227450067170

4 BubbleThief the Ruffian (level 1, -3/13 HPs)
             Began as an Octopode Shapeshifter on Aug 21, 2023.
             Slain by a gnoll
             ... wielding a +0 spear
              (6 damage)
             ... on level 1 of the Dungeon.
             The game lasted 00:00:16 (103 turns).

BubbleThief the Ruffian (Octopode Shapeshifter)      Turns: 103, Time: 00:00:17

Health: -3/13      AC:  1    Str: 14    XL:     1   Next: 70%
Magic:  1/1        EV: 13    Int: 10    God:
Gold:   39         SH:  0    Dex: 12    Spells: 0/0 levels left

rFire   . .          .
                       - Unarmed
rCold   . . .        (no shield)
rNeg    . . .        (helmet currently unavailable)
rPois   .            (no amulet)
rElec   .            (no ring)
rCorr   .            (no ring)
SInv    .            (no ring)
Will    .....        (no ring)
Stlth   ++           (no ring)
HPRegen 0.22/turn    (no ring)
MPRegen 0.07/turn    (no ring)
                     (no ring)

%: no passive effects
@: beast-form
A: beast (slay +2), almost no armour, amphibious, 8 rings, camouflage 1,
gelatinous body 1, (nimble swimmer 1), tentacles
a: Begin Untransformation


You were on level 1 of the Dungeon.
You were a hulking beast.
You visited 1 branch of the dungeon, and saw 1 of its levels.

You collected 39 gold pieces.

Inventory:

Talismans
 b - a beast talisman (active)
 c - a flux talisman
Scrolls
 d - a scroll of identify {unknown}
Potions
 a - a potion of lignification


   Skills:
 + Level 1.2 Fighting
 + Level 2.1 Dodging
 + Level 3.1 Unarmed Combat
 - Level 3.0 Shapeshifting


You couldn't memorise any spells.
You didn't know any spells.
Your spell library was empty.

Dungeon Overview and Level Annotations

Branches:
Dungeon (1/15)

Altars:


Innate Abilities, Weirdness & Mutations

You are a hulking beast.
Your limbs bulge with bestial killing power. (Slay +2)
You cannot wear most types of armour.
You are amphibious.
You can wear up to eight rings at the same time.
Your skin changes colour to match your surroundings (Stealth+).
Your rubbery body absorbs attacks. (AC +1, EV +1)
((You are camouflaged when in or above water. (Stealth+)))
You have tentacles for arms and can constrict up to eight enemies at once.


Message History

A ball python comes into view.
You tentacle-slap the frilled lizard.
You kill the frilled lizard!
A ball python is nearby!
The ball python hisses angrily.
You barely miss the ball python. Your grab misses the ball python.
Your squeeze misses the ball python. The ball python barely misses you. x2
You closely miss the ball python. You grab the ball python.
You constrict the ball python. The ball python closely misses you.
The ball python grabs you. The ball python constricts you.
You tentacle-slap the ball python. You squeeze the ball python.
You kill the ball python!
You now have 39 gold pieces (gained 11).
You see here a +0 spear of venom.
Found 8 stones.
No target in view!
Found 2 stones.
d - a scroll labelled ECZAPLAFIM A gnoll comes into view.
It is wielding a +0 spear.
A goblin comes into view. It is wielding a +0 dagger.
You enter the shallow water.
The goblin shouts!
The gnoll hits you with a +0 spear!
Ouch! That really hurt!
You are too injured to fight recklessly!
You are too injured to fight recklessly!
Unknown command.
You are too injured to fight recklessly!
You barely miss the gnoll. Your grab misses the gnoll.
You tentacle-slap the gnoll.
The gnoll is moderately wounded.
The gnoll hits you with a +0 spear.
* * * LOW HITPOINT WARNING * * *
Unknown command.
You tentacle-slap the gnoll but do no damage.
You grab the gnoll.
The gnoll is moderately wounded.
You constrict the gnoll, but do no damage.
The gnoll hits you with a +0 spear.
You die...

### ###### ##.. # .....#
##.#####.# ..(..#
##.#.....#.## .....###
##..~.hg..~..#
.......####.#~.~.g.~.~#.
.....#...#.#..~.~.~.~..#
.....###.#.#...~.≈.~...#
.....# #...#...~≈.≈~...#
.....####..#...~≈_≈~...#
......###..#..~.~≈~.~..#.
.....^......#~~~~.~~~~#..
....####.....#..~.~..#...


You could see a gnoll and a goblin.

Vanquished Creatures
  2 ball pythons (D:1)
  A bat (D:1)
  A frilled lizard (D:1)
  A rat (D:1)
5 creatures vanquished.

Notes
Turn   | Place    | Note
-------+----------+-------------------------------------------
     0 | D:1      | BubbleThief the Octopode Shapeshifter began the quest for
                  | the Orb.
     0 | D:1      | Reached XP level 1. HP: 13/13 MP: 1/1
    27 | D:1      | Found a faded altar of an unknown god.
   103 | D:1      | Slain by a gnoll

Illustrated notes

Levels and vault maps discovered:
D:1:      minmay_arrival_solitary_statue, layout_rooms,
          shapermc_ecumenical_altar_starsandcircs

Action                     || total
---------------------------++-------
  Melee: Unarmed           ||     9
         Constrict         ||     3
         Punch             ||     1
         Tentacles         ||     1
 Armour: Skin              ||     1
  Dodge: Dodged            ||     3

Table legend: (Time is in decaauts)
 A = Elapsed time spent in this place.
 B = Non-inter-level travel time spent in this place.
 C = Inter-level travel time spent in this place.
 D = Time resting spent in this place.
 E = Time spent auto-exploring this place.
 F = Levels seen in this place.
 G = Mean time per level.
                   A        B        C        D        E       F      G
               +--------+--------+--------+--------+--------+-----+--------+
         Total |    102 |    102 |      0 |      0 |     63 |   1 |  102.0 |
       Dungeon |    102 |    102 |      0 |      0 |     63 |   1 |  102.0 |
               +--------+--------+--------+--------+--------+-----+--------+

Top non-repeatable levels by time:
     D:1: 102 daAuts
